 Dungeon Crawl Stone Soup version 0.17-a0-1910-g4c791fa (webtiles) character file.

1036 DecibelRebel the Spear-Bearer (level 8, -7/56 HPs)
             Began as a Merfolk Skald on Sept 25, 2015.
             Mangled by a gnoll
             ... wielding a +0 halberd
              (12 damage)
             ... on level 5 of the Dungeon on Sept 26, 2015.
             The game lasted 00:20:30 (4888 turns).

DecibelRebel the Spear-Bearer (Merfolk Skald)       Turns: 4888, Time: 00:20:30

Health: -7/56      AC:  7    Str: 12    XL:     8   Next: 24%
Magic:  10/11      EV: 12    Int: 13    God:
Gold:   129        SH:  0    Dex: 16    Spells: 5 memorised, 1 level left

rFire  + . .     SeeInvis .     x - +0 trident
rCold  . . .     Clarity  +     t - +2 ring mail {rF+}
rNeg   . . .     SustAt   .     (no shield)
rPois  .         Gourm    .     (no helmet)
rElec  .         Spirit   .     (no cloak)
rCorr  .         Warding  .     (no gloves)
rMut   .         Stasis   .     (no boots)
MR     .....                    (no amulet)
Stlth  +.........               (no ring)
                                (no ring)

@: singing (expiring), very slightly contaminated, not resistant to hostile
enchantments, very unstealthy
A: change form in water, swift swim, claws 1, clarity, clever 1
a: Stop Singing


You were on level 5 of the Dungeon.
You were near starving.

You visited 1 branch of the dungeon, and saw 5 of its levels.

You collected 326 gold pieces.
You spent 197 gold pieces at shops.

Inventory:

Hand weapons
 a - a +0 spear
 x - a +0 trident (weapon)
Missiles
 z - a throwing net (quivered)
Armour
 b - a +0 leather armour
 h - a +0 large shield
 t - a +2 ring mail of fire resistance (worn)
Magical devices
 l - a wand of frost (5)
 o - a wand of polymorph (8)
Scrolls
 f - a scroll of recharging {unknown}
 j - a scroll of noise {unknown}
 m - a scroll of fear {unknown}
 p - 5 scrolls of teleportation
 u - 4 scrolls of remove curse
 v - 3 scrolls of immolation
 y - a scroll of magic mapping
 B - a scroll of enchant armour
 D - a scroll of blinking {unknown}
Potions
 k - a potion of curing
 n - a potion of ambrosia
 q - a potion of flight
 s - 3 potions of brilliance
 w - a potion of cancellation
 E - a potion of might {unknown}
Books
 c - a book of Battle

   Spells                             Type                      Level
   a - Infusion                       Charms                       1
   b - Shroud of Golubria             Charms/Translocation         2
   c - Song of Slaying                Charms                       2
   d - Spectral Weapon                Hexes/Charms                 3
   e - Regeneration                   Charms/Necromancy            3
 g - a book of Air

   Spells                             Type                      Level
   a - Shock                          Conjuration/Air              1
   b - Swiftness                      Charms/Air                   2
   c - Repel Missiles                 Charms/Air                   2
   d - Static Discharge               Conjuration/Air              3
   e - Lightning Bolt                 Conjuration/Air              5
 A - a book of the Dragon

   Spells                             Type                      Level
   a - Flame Tongue                   Conjuration/Fire             1
   b - Cause Fear                     Hexes                        4
   c - Bolt of Fire                   Conjuration/Fire             6
   d - Dragon Form                    Transmutation                7
   e - Dragon's Call                  Summoning                    9
Comestibles
 d - 6 bread rations
 i - a beef jerky
 r - a meat ration


   Skills:
 - Level 2.1 Fighting
 * Level 10.8 Polearms
 - Level 0.6 Armour
 - Level 4.0 Dodging
 - Level 2.0 Spellcasting
 + Level 6.3 Charms


You had one spell level left.
You knew the following spells:

 Your Spells              Type           Power        Failure   Level  Hunger
a - Infusion              Chrm           ###...       6%          1    ##.....
b - Shroud of Golubria    Chrm/Tloc      #.........   24%         2    ###....
c - Song of Slaying       Chrm           ###.....     10%         2    ###....
d - Regeneration          Chrm/Necr      #.........   52%         3    ####...
e - Swiftness             Chrm/Air       #.......     24%         2    ###....


Dungeon Overview and Level Annotations

Branches:
Dungeon (5/15)
 Temple: D:4-7

Altars:
Fedhas
Qazlal
Ru
Zin

Shops:
D:4 =?


Innate Abilities, Weirdness & Mutations

You revert to your normal form in water.
You are very nimble and swift while swimming.
You have sharp fingernails.
You possess an exceptional clarity of mind.
Your mind is acute. (Int +2)


Message History

The gnoll is moderately wounded.
You completely miss the gnoll.
The gnoll is moderately wounded.
The gnoll hits you from afar with a halberd!
* * * LOW HITPOINT WARNING * * *
The gnoll barely misses you.
You hit the gnoll.
The gnoll is severely wounded.
The gnoll barely misses you. x2
You puncture the gnoll!
You kill the gnoll!
You are too injured to fight recklessly!
You are too injured to fight recklessly!
Attack whom?
Press: ? - help, Dir - move target cursor, f - gnoll
Aim: a gnoll, wielding a halberd You reach to attack!
You puncture the gnoll!
The gnoll is severely wounded.
The gnoll hits you from afar with a halberd!
You die...

+.................#...
#....)............'...
##+####.###..###+##...
#...###'###+###......#
#.........#...+......#
+......g..+...#......'
#.##.##..##...#......#
#.##g.##...###....#
#.@†...#.....#....#
+......'.....#....+
#......#.....+....#
##..######...#....#
#### #...###...
#.....#... #.....#...
+.....'... #.....#...


You could see a gnoll.

Vanquished Creatures
  Sigmund (D:2)
  A sky beast (D:5)
  A phantom (D:4)
  An ogre (D:5)
  4 scorpions
  An orc priest (D:3)
  An iguana (D:5)
  Ijyb (D:2)
  A worker ant (D:4)
  3 orc wizards (D:4)
  3 adders
  6 gnolls
  An adder skeleton (D:4)
  5 worms
  15 orcs
  A ball python (D:3)
  4 giant cockroaches
  5 goblins
  16 hobgoblins
  6 jackals
  A quokka (D:4)
  15 bats
  A giant gecko skeleton (D:5)
  8 giant newts
  9 kobolds
  8 rats
119 creatures vanquished.

Notes
Turn   | Place    | Note
--------------------------------------------------------------
     0 | D:1      | DecibelRebel the Merfolk Skald began the quest for the Orb.
     0 | D:1      | Reached XP level 1. HP: 16/16 MP: 3/3
    86 | D:1      | Reached XP level 2. HP: 6/22 MP: 0/5
   644 | D:1      | Learned a level 2 spell: Shroud of Golubria
   647 | D:1      | Learned a level 2 spell: Song of Slaying
   653 | D:1      | Reached skill level 4 in Polearms
   678 | D:1      | Reached XP level 3. HP: 19/27 MP: 4/6
  1185 | D:2      | Gained mutation: You possess an exceptional clarity of mind. [potion of mutation]
  1185 | D:2      | Gained mutation: You have sharp fingernails. [potion of mutation]
  1185 | D:2      | Gained mutation: Your mind is acute. (Int +2) [potion of mutation]
  1198 | D:2      | Reached skill level 5 in Polearms
  1198 | D:2      | Reached XP level 4. HP: 6/33 MP: 1/7
  1559 | D:2      | Noticed Sigmund
  1583 | D:2      | Killed Sigmund
  1583 | D:2      | Reached skill level 6 in Polearms
  1583 | D:2      | Reached XP level 5. HP: 5/38 MP: 1/8
  1583 | D:2      | Reached XP level 6. HP: 5/44 MP: 1/9
  1750 | D:2      | Learned a level 3 spell: Regeneration
  1811 | D:2      | Found a sacrificial altar of Ru.
  1817 | D:2      | Found a glowing silver altar of Zin.
  1817 | D:2      | Found a blossoming altar of Fedhas.
  1820 | D:2      | Found a stormy altar of Qazlal.
  1870 | D:2      | Noticed Ijyb
  1881 | D:2      | Killed Ijyb
  2463 | D:3      | Reached skill level 7 in Polearms
  3073 | D:4      | Found Unled's Jewellery Emporium.
  3095 | D:4      | Reached skill level 5 in Charms
  3185 | D:4      | Found Resch's Magic Scroll Emporium.
  3212 | D:4      | Reached skill level 8 in Polearms
  3212 | D:4      | Reached XP level 7. HP: 36/50 MP: 10/10
  3248 | D:4      | Bought a scroll of teleportation for 33 gold pieces
  3248 | D:4      | Bought a scroll of identify for 22 gold pieces
  3248 | D:4      | Bought a scroll of identify for 22 gold pieces
  3248 | D:4      | Bought a scroll of immolation for 38 gold pieces
  3248 | D:4      | Bought a scroll of enchant armour for 82 gold pieces
  3610 | D:4      | Reached skill level 9 in Polearms
  3833 | D:5      | Entered Level 5 of the Dungeon
  3867 | D:5      | Learned a level 2 spell: Swiftness
  4206 | D:5      | Reached skill level 10 in Polearms
  4206 | D:5      | Reached XP level 8. HP: 10/56 MP: 4/11
  4586 | D:5      | HP: 2/56 [sky beast (5)]
  4888 | D:5      | Mangled by a gnoll

Vault maps used:
D:1:      matt_arrival_spirals, hangedman_decor_clover_reticule, st_stairs_11
D:2:      minitemple, uniq_sigmund, uniq_iyjb
D:3:      first_bread, grunt_ministairs_14
D:4:      serial_shops, shop, shop_coins

Action                   |  1- 3 |  4- 6 |  7- 9 || total
-------------------------+-------+-------+-------++-------
Melee: Spear             |   218 |   241 |       ||   459
       Trident           |       |    24 |   171 ||   195
Throw: Throwing net      |       |       |     3 ||     3
 Cast: Infusion          |     4 |     4 |     7 ||    15
       Shroud of Golubri |     1 |     3 |     1 ||     5
       Song of Slaying   |     1 |     3 |     3 ||     7
  Use: Potion            |     4 |       |     4 ||     8
       Scroll            |       |       |     7 ||     7
 Stab: Sleeping          |     1 |     2 |       ||     3
  Eat: Chunk             |       |     7 |     5 ||    12
       Fruit             |       |     1 |       ||     1
